 Dungeon Crawl Stone Soup version 0.15-a0-773-g3a4c672 (console) character file.

188 Surgery the Cudgeler (level 5, -8/54 HPs)
             Began as an Ogre Fighter on May 13, 2014.
             Mangled by a mummy (14 damage)
             ... in an ossuary.
             The game lasted 00:07:58 (1453 turns).

Surgery the Cudgeler (Ogre Fighter)                 Turns: 1453, Time: 00:07:58

HP  -8/54        AC  3     Str 21      XL: 5   Next: 67%
MP  14/14        EV  8     Int  7      God:
Gold 117         SH 17     Dex 10      Spells:  0 memorised,  4 levels left

rFire  . . .     SeeInvis .     a - +0 flail
rCold  . . .     Clarity  +     b - +0 robe (curse)
rNeg   . . .     Conserve .     c - +0 shield
rPois  .         rCorr    .     (helmet restricted)
rElec  .         rRot     .     (no cloak)
SustAb . .       Spirit   .     (gloves unavailable)
rMut   .         Warding  .     (boots unavailable)
Gourm  .         Stasis   .     f - amulet of clarity
MR     .....                    (no ring)
                                y - cursed ring of magical power

@: not resistant to hostile enchantments, very unstealthy
A: unfitting armour, tough skin 1
a: no special abilities


You were in an ossuary.
You were not hungry.

You visited 1 branch of the dungeon, and saw 5 of its levels.
You also visited: Ossuary.

You collected 117 gold pieces.

Inventory:

Hand weapons
 a - a +0,+0 flail (weapon)
 s - a cursed +0 blowgun
 u - a +0 blowgun
 x - a cursed +0,+0 flail
 C - a cursed +2 blowgun
Armour
 b - a cursed +0 robe (worn)
 c - a +0 shield (worn)
 p - a cursed +2 robe
 q - a cursed +0 robe
Magical devices
 m - a wand of magic darts (12)
Comestibles
 d - 3 meat rations
 j - 3 bread rations
Scrolls
 k - 2 scrolls of recharging {unknown}
 n - a scroll of enchant weapon I {unknown}
 t - a scroll of noise {unknown}
 w - a scroll of amnesia {unknown}
Jewellery
 f - an amulet of clarity (around neck)
 y - a cursed ring of magical power (left hand)
Potions
 g - 2 potions of curing
 i - 2 potions of brilliance {unknown}
 r - 2 potions of agility {unknown}
 v - a potion of haste
 B - a potion of invisibility


   Skills:
 - Level 4.0 Fighting
 + Level 7.5 Maces & Flails
 - Level 2.6 Dodging
 - Level 2.6 Shields


You had 4 spell levels left.
You didn't know any spells.

Dungeon Overview and Level Annotations

Branches:
Dungeon (5/15)
 Temple: D:4-7

Altars:
Cheibriados
Kikubaaqudgha

Annotations:
D:4 Grinder


Innate Abilities, Weirdness & Mutations

You are too large for most types of armour.
You have tough skin (AC +1).


Message History

You bludgeon the mummy!!
You destroy the mummy!
You feel nervous for a moment...
Your +0 robe glows black for a moment.
You block the orc zombie's attack.
You thump the orc zombie! The orc zombie hits you.
* * * LOW HITPOINT WARNING * * *
You bludgeon the orc zombie!!
You destroy the orc zombie!
A mummy comes into view.
You hit the mummy but do no damage. The mummy hits you!
* * * LOW HITPOINT WARNING * * *
You barely miss the mummy. The mummy hits you.
* * * LOW HITPOINT WARNING * * *
You thump the mummy!
The mummy is heavily damaged.
You feel a little less mighty now.
You sock the mummy!
The mummy is almost destroyed.
The mummy hits you!
You die...

#### #### ##...
...## ##.... ####
....## #..... ##..##
.....#
#.....##....##M....#
#............@.....#
#................##
##..............##
#+##........##+#
##......## ##....##
#....# #....# #....#


You could see a mummy.

Vanquished Creatures
  A big kobold zombie (Ossuary)
  5 mummies (Ossuary)
  2 adders
  2 giant mites
  A worm (D:4)
  A giant gecko (D:1)
  An ooze (D:2)
  4 orcs
  6 bats
  A giant cockroach (D:3)
  A gnoll zombie (Ossuary)
  6 hobgoblins
  A ball python (D:1)
  3 giant newts
  4 goblins
  3 hobgoblin zombies (Ossuary)
  9 jackals
  10 kobolds
  A kobold zombie (Ossuary)
  An orc skeleton (D:4)
  2 orc zombies (Ossuary)
  6 rats
71 creatures vanquished.

Notes
Turn   | Place    | Note
--------------------------------------------------------------
     0 | D:1      | Surgery, the Ogre Fighter, began the quest for the Orb.
     0 | D:1      | Reached XP level 1. HP: 24/24 MP: 1/1
   118 | D:1      | Reached XP level 2. HP: 32/32 MP: 2/2
   303 | D:2      | Reached XP level 3. HP: 14/39 MP: 3/3
   591 | D:3      | Reached skill level 5 in Maces & Flails
   752 | D:3      | Reached XP level 4. HP: 19/48 MP: 4/4
   771 | D:3      | Found an ancient bone altar of Kikubaaqudgha.
   944 | D:4      | Reached skill level 6 in Maces & Flails
  1111 | D:4      | Found a snail-covered altar of Cheibriados.
  1164 | D:4      | Noticed Grinder
  1178 | D:5      | Entered Level 5 of the Dungeon
  1287 | D:4      | Found a sand-covered staircase.
  1291 | Ossuary  | Entered an ossuary
  1412 | Ossuary  | Reached XP level 5. HP: 43/54 MP: 5/5
  1419 | Ossuary  | Reached skill level 7 in Maces & Flails
  1453 | Ossuary  | Mangled by a mummy

Action                   |  1- 3 |  4- 6 || total
-------------------------+-------+-------++-------
Melee: Flail             |   111 |   116 ||   227
Evoke: Wand              |       |     2 ||     2
  Use: Scroll            |       |     5 ||     5
       Potion            |       |     2 ||     2
